 Dungeon Crawl Stone Soup version 0.29.1-12-g30fa7ad0bf (webtiles) character file.

Game seed: 13807221517292951732

159 hawla the Chiller (level 6, 0/47 HPs)
             Began as a Meteoran Ice Elementalist on Jan 14, 2023.
             Slain by an ice beast (11 damage)
             ... on level 4 of the Dungeon.
             The game lasted 00:05:22 (642 turns).

hawla the Chiller (Meteoran Ice Elementalist)        Turns: 642, Time: 00:05:23

Health: 0/47       AC:  4    Str: 10    XL:     6   Next: 0%
Magic:  8/14       EV: 13    Int: 18    God:
Gold:   94         SH:  0    Dex: 15    Spells: 6/14 levels left

rFire   . . .      SeeInvis .   e - +0 long sword
rCold   . . .      Faith    .   (no shield)
rNeg    . . .      Spirit   .   a - +0 robe
rPois   +          Reflect  .   (no helmet)
rElec   .          Harm     .   (no cloak)
rCorr   .          Rampage  .   (no gloves)
Will    .....      Clarity  +   (no boots)
Stlth   +.........              (no amulet)
HPRegen 0.15/turn               (no ring)
MPRegen 0.14/turn               (no ring)

@: very slightly contaminated, glowing
A: sense surroundings 1, otherworldly, glowing, explore regen, iridescent scales
1, clarity, poison resistance
a: no special abilities


You were on level 4 of the Dungeon.
You visited 1 branch of the dungeon, and saw 4 of its levels.

You collected 94 gold pieces.

Inventory:

Hand Weapons
 e - a +0 long sword (weapon)
Armour
 a - a +0 robe (worn)
Scrolls
 c - 4 scrolls of identify
 j - 2 scrolls of torment
Potions
 b - a potion of magic
 h - 2 potions of might


   Skills:
 - Level 1.0 Fighting
 - Level 2.8 Dodging
 - Level 1.4 Stealth
 - Level 4.8 Spellcasting
 - Level 5.7 Ice Magic


You had 6 spell levels left.
You knew the following spells:

 Your Spells              Type           Power      Damage    Failure   Level
a - Freeze                Ice            100%       1d11      1%          1
b - Frozen Ramparts       Ice            50%        1d8       3%          3
c - Hailstorm             Conj/Ice       14%        3d5       38%         4

Your spell library contained the following spells:

 Spells                   Type           Power      Damage    Failure   Level
 Ozocubu's Armour         Ice            25%        N/A       3%          3


Dungeon Overview and Level Annotations

Branches:
Dungeon (4/15) Zot: 1755
 Temple: D:4-7

Altars:

Annotations:
D:3 1 runed translucent door, sillycutie's ghost, amateur MiBe


Innate Abilities, Weirdness & Mutations

You passively map a small area around you.
You are easily found by Zot.
You glow in the dark.
You regain HP and MP as you explore.
You are partially covered in iridescent scales. (AC +2)
You possess an exceptional clarity of mind.
Your system is resistant to poisons. (rPois)


Message History

An ice beast is nearby!
Casting: Freeze (safe; 1% risk of failure)
Confirm with . or Enter, or press ? or * to list all spells.
The spell is quite dangerous to miscast (38% risk of failure)!
Continue anyway?
Casting: Hailstorm (quite dangerous; 38% risk of failure)
Press: ? - help, Dir - look around, f - activate You miscast Hailstorm.
You are very lightly contaminated with residual magic.
Nothing appears to happen.
Okay, then.
Your magical contamination has completely faded away.
Casting: Hailstorm (quite dangerous; 38% risk of failure)
Confirm with . or Enter, or press ? or * to list all spells.
The spell is quite dangerous to miscast (38% risk of failure)!
Continue anyway?
Casting: Hailstorm (quite dangerous; 38% risk of failure)
Press: ? - help, Dir - look around, f - activate You miscast Hailstorm.
You are very lightly contaminated with residual magic.
Frost covers your body!
Unknown command.
You slash the ice beast!
The ice beast is moderately wounded.
The ice beast hits you but does no damage.
You hit the ice beast.
The ice beast is moderately wounded.
The ice beast misses you. The ice beast hits you. The ice beast freezes you!
You barely miss the ice beast.
The ice beast is moderately wounded.
The ice beast hits you. The ice beast freezes you!
* * * LOW HITPOINT WARNING * * *
It was a potion of mutation.
You feel extremely strange.
Iridescent scales grow over part of your body.
You feel resistant to poisons.
Your thoughts seem clearer.
The ice beast barely misses you.
You slash the ice beast!
The ice beast is severely wounded.
The ice beast hits you.
* * * LOW HITPOINT WARNING * * *
The ice beast freezes you!
You die...

## ,, , ,.. #....#..... .... ,
... ... #....'Yg...
....#########..., ... #..!.#.....
................ ....#...##.....
................ ,....#...##.....
................ ..'..........
................, #..........
.............##########...##.....
.............#..@Y........######+
....##'#######............# ..
....#.....†...............# ..
....#.....................#, , ..
....#.......###########...#######
....'.......# , ,##...##.....
....#.......##.>.....#...........
....##########.......#...........
....# , .........#...........


You could see an ice beast.

Vanquished Creatures
  A scorpion (D:4)
  A howler monkey (D:4)
  A gnoll (D:4)
  An adder (D:3)
  An ufetubus (D:4)
  4 dart slugs
  3 bats (D:1)
  3 endoplasms
  3 goblins
  3 hobgoblins
  4 jackals (D:1)
  3 ball pythons
  4 kobolds
  2 rats
34 creatures vanquished.

Notes
Turn   | Place    | Note
-------+----------+-------------------------------------------
     0 | D:1      | hawla the Meteoran Ice Elementalist began the quest for the
                  | Orb.
     0 | D:1      | Reached XP level 1. HP: 14/14 MP: 5/5
    36 | D:1      | Reached XP level 2. HP: 19/20 MP: 3/6
   137 | D:1      | Reached skill level 5 in Ice Magic
   188 | D:1      | Reached XP level 3. HP: 25/26 MP: 4/8
   311 | D:3      | Found a runed translucent door.
   311 | D:3      | Noticed sillycutie's ghost (amateur MiBe)
   312 | D:3      | Noticed a water moccasin
   450 | D:4      | Noticed an ice beast
   472 | D:4      | Reached XP level 4. HP: 33/33 MP: 8/10
   481 | D:4      | Learned a level 3 spell: Frozen Ramparts
   551 | D:4      | Noticed a scorpion
   557 | D:4      | Reached XP level 5. HP: 14/39 MP: 5/12
   558 | D:4      | Reached skill level 1 in Fighting
   574 | D:4      | Reached XP level 6. HP: 35/47 MP: 12/14
   579 | D:4      | Learned a level 4 spell: Hailstorm
   641 | D:4      | Gained mutation: You are partially covered in iridescent
                  | scales. (AC +2) [potion of mutation]
   641 | D:4      | Gained mutation: Your system is resistant to poisons.
                  | (rPois) [potion of mutation]
   641 | D:4      | Gained mutation: You possess an exceptional clarity of
                  | mind. [potion of mutation]
   642 | D:4      | Slain by an ice beast

Illustrated notes

Levels and vault maps discovered:
D:1:      dpeg_arrival_ternary, layout_rooms
D:2:      layout_basic
D:3:      layout_basic, okawaru_metal_pillars_1_2,
          shapermc_ecumenical_altar_petra, ebering_ghost_inner_flame
D:4:      layout_gridville, reono_crystal_passage, minmay_bent

Skill      XL: |  1  2  3  4  5 |
---------------+----------------+-----
Ice Magic      | 5 |  5.7
Spellcasting   | 3 4 |  4.8
Fighting       | 1 |  1.0
Dodging        | |  2.8
Stealth        | |  1.4

Action                   |  1- 3 |  4- 6 || total
-------------------------+-------+-------++-------
Melee: Unarmed           |    14 |       ||    14
       Long sword        |       |     6 ||     6
 Cast: Freeze            |    39 |     8 ||    47
       Frozen Ramparts   |       |     3 ||     3
  Use: Scroll            |     6 |       ||     6
       Potion            |     2 |     1 ||     3
Armor: Robe              |    15 |     6 ||    21
Dodge: Dodged            |    20 |    13 ||    33
